 Dungeon Crawl Stone Soup version 0.22-b1-26-g9dbaab1112 (webtiles) character file.

179 Pisosu the Shield-Bearer (level 5, -1/70 HPs)
             Began as a Minotaur Fighter on Aug 8, 2018.
             Slain by an adder (2 damage)
             ... on level 2 of the Dungeon.
             The game lasted 00:04:00 (1451 turns).

Pisosu the Shield-Bearer (Minotaur Fighter)         Turns: 1451, Time: 00:04:01

Health: -1/70      AC: 22    Str: 21    XL:     5   Next: 33%
Magic:  0/4        EV:  2    Int:  5    God:
Gold:   58         SH:  9    Dex: 10    Spells: 4/4 levels left

rFire    . . .     SeeInvis .   p - -3 mace (curse)
rCold    . . .     Gourm    .   c - +0 shield
rNeg     + + +     Faith    .   (armour currently unavailable)
rPois    +         Spirit   +   (helmet currently unavailable)
rElec    .         Reflect  .   (cloak currently unavailable)
rCorr    .         Harm     .   (gloves currently unavailable)
MR       .....     NoTele   +   (boots currently unavailable)
Stlth    +.........             i - amulet of guardian spirit
HPRegen  0.21/turn              k - ring of positive energy
MPRegen  0.09/turn              (no ring)

@: tree-form, drained
A: (retaliatory headbutt)
a: no special abilities


You were on level 2 of the Dungeon.
You were not hungry.
You were a tree.
You visited 1 branch of the dungeon, and saw 2 of its levels.

You collected 58 gold pieces.

Inventory:

Hand Weapons
 a - a +0 flail
 p - a cursed -3 mace (weapon)
 s - a +2 flail of protection
Armour
 b - a +0 scale mail
 c - a +0 shield (worn)
 g - a +0 pair of boots (melded)
 j - a cursed +0 leather armour (melded)
 n - a +0 cloak (melded)
Jewellery
 i - an amulet of guardian spirit (around neck)
 k - a ring of positive energy (left branch)
Wands
 q - a wand of flame (29)
Scrolls
 o - a scroll of enchant weapon
Potions
 d - 2 potions of might
 e - a potion of curing
 m - a potion of ambrosia {unknown}
Comestibles
 f - 4 rations


   Skills:
 + Level 4.5(4.2) Fighting
 + Level 4.3(4.0) Maces & Flails
 + Level 4.5(4.2) Armour
 + Level 5.0(4.7) Shields


You had 4 spell levels left.
You didn't know any spells.
Your spell library was empty.

Dungeon Overview and Level Annotations

Branches:
Dungeon (2/15)

Altars:
Ru


Innate Abilities, Weirdness & Mutations

((You reflexively headbutt those who attack you in melee.))
((You have a pair of horns on your head.))


Message History

The wight is severely damaged.
You block the adder's attack.
The wight hits you but does no damage. x2
The adder bites you but does no damage.
You hit the wight but do no damage.
The wight is severely damaged.
The wight hits you but does no damage. The adder bites you but does no damage.
You block the wight's attack. The adder bites you but does no damage.
The wight hits you with a mace of freezing.
The wight freezes you.
* * * LOW HITPOINT WARNING * * *
You hit the wight but do no damage.
The wight is severely damaged.
You block the adder's attack.
The wight hits you from afar with a halberd of protection.
* * * LOW HITPOINT WARNING * * *
You block the wight's attack.
You closely miss the wight.
The wight is severely damaged.
The adder bites you.
You die...

#.###### #.# #......#
#.# #.####.# #.#
##### #.# #.# #.#
#...###.####.# #.#
#.....KzK..#.# #.#
####...###z##.#.# #.#
#........Sz##.#.###.#
#.........♣().......#
#.........###..######
####...######.#.##
#...# ##.###.##
####### #...####.##
##.###......
#.......##
##....#####
##..####.## ##.###.##
#..#
##<###.###...####
#..# ##.#.###.....#..


You could see 3 wights, an adder and 2 kobolds.

Vanquished Creatures
  A wight (D:2)
  Jessica (D:2)
  A worker ant (D:2)
  3 oozes
  2 worms (D:2)
  6 dart slugs
  2 leopard geckos (D:1)
  2 giant cockroaches
  7 goblins
  5 hobgoblins
  4 jackals (D:1)
  A ball python (D:2)
  4 bats
  5 frilled lizards
  11 kobolds
  5 rats
  A plant (D:1)
61 creatures vanquished.

Notes
Turn   | Place    | Note
-------+----------+-------------------------------------------
     0 | D:1      | Pisosu the Minotaur Fighter began the quest for the Orb.
     0 | D:1      | Reached XP level 1. HP: 19/19 MP: 0/0
    90 | D:1      | Reached XP level 2. HP: 27/27 MP: 1/1
   150 | D:1      | Reached skill level 4 in Shields
   323 | D:1      | Reached XP level 3. HP: 30/33 MP: 2/2
   711 | D:2      | Reached XP level 4. HP: 40/40 MP: 3/3
   761 | D:2      | Noticed Jessica
   771 | D:2      | Killed Jessica
  1202 | D:2      | Reached XP level 5. HP: 42/47 MP: 4/4
  1226 | D:2      | Found a sacrificial altar of Ru.
  1416 | D:2      | Reached skill level 5 in Shields
  1450 | D:2      | HP: 1/70 [wight/halberd of protection (5)]
  1451 | D:2      | Slain by an adder

Skill      XL: |  1  2  3  4  5 |
---------------+----------------+-----
Armour         | 4 |  4.5
Fighting       | 4 |  4.5
Shields        | 4 5 |  5.0
Maces & Flails | 3 4 |  4.3

Action                   |  1- 3 |  4- 6 || total
-------------------------+-------+-------++-------
Melee: Flail             |    86 |       ||    86
       Headbutt          |    16 |    12 ||    28
       Mace              |    37 |    58 ||    95
  Use: Scroll            |       |     4 ||     4
       Potion            |       |     1 ||     1
  Eat: Chunk             |       |     2 ||     2
Armor: Scale mail        |    43 |       ||    43
       Leather armour    |    26 |    12 ||    38
       Skin              |       |    14 ||    14
Dodge: Dodged            |    51 |    13 ||    64
Block: Shield            |    74 |    28 ||   102
